 Dungeon Crawl Stone Soup version 0.19-a0-1608-g4cf22de (webtiles) character file.

56939 Amnesiac the Basher (level 14, -7/110 HPs)
             Began as a Mummy Gladiator on Sept 17, 2016.
             Was an Initiate of Gozag.
             Mangled by a sun demon (8 damage)
             ... in a volcano.
             The game lasted 00:47:24 (24150 turns).

Amnesiac the Basher (Mummy Gladiator)              Turns: 24150, Time: 00:47:26

Health: -7/110     AC: 23    Str: 22    XL:     14   Next: 43%
Magic:  17/17      EV: 19    Int:  5    God:    Gozag
Gold:   4345       SH:  0    Dex: 16    Spells: 2 memorised, 10 levels left

rFire  + . .     SeeInvis .     Y - +0 dire flail (venom)
rCold  + . .     Gourm    .     y - +3 chain mail "Zybroa" {rF+ Int+3}
rNeg   + + +     Faith    .     (shield currently unavailable)
rPois  ∞         Spirit   .     b - +1 helmet
rElec  .         Dismiss  .     l - +0 cloak
rCorr  .         Reflect  .     m - +0 pair of gloves
MR     ++++.     Harm     .     x - +2 pair of boots of the Foremost Beggars {MR+++ Str+2 Int-5}
Stlth  ..........               (no amulet)
                                S - ring of protection from fire
                                p - +5 ring of evasion

@: studying Necromancy
A: no food or potions, fire vulnerability, cold resistance 1, negative energy
resistance 3, torment resistance, unbreathing, in touch with death 1
a: Potion Petition, Call Merchant, Bribe Branch, Renounce Religion


You were in a volcano.
You worshipped Gozag.
Gozag was most pleased with you.
You were not hungry.

You visited 4 branches of the dungeon, and saw 19 of its levels.
You also visited: Ice Cave and Volcano.

You collected 5999 gold pieces.
You spent 759 gold pieces at shops.
You paid 895 gold pieces to Gozag.

Inventory:

Hand Weapons
 h - a +1 mace of draining
 k - a +0 whip of flaming
 A - a +0 morningstar
 K - a +1 great mace of protection
 Y - a +0 dire flail of venom (weapon)
Missiles
 a - 5 javelins
 j - 5 curare-tipped needles
 q - 2 throwing nets (quivered)
 F - 6 javelins of returning
Armour
 b - a +1 helmet (worn)
 l - a +0 cloak (worn)
 m - a +0 pair of gloves (worn)
 x - the +2 pair of boots of the Foremost Beggars (worn) {MR+++ Str+2 Int-5}
   (You bought it in a shop on level 6 of the Dungeon)

   It affects your strength (+2).
   It affects your intelligence (-5).
   It affects your resistance to hostile enchantments.
 y - the +3 chain mail "Zybroa" (worn) {rF+ Int+3}
   (You bought it in a shop on level 6 of the Dungeon)

   It affects your intelligence (+3).
   It protects you from fire.
 I - a +0 buckler
 N - a +0 pair of gloves of strength
Jewellery
 c - a +3 ring of protection
 p - a +5 ring of evasion (left hand)
 r - a +2 ring of dexterity
 u - an uncursed ring of protection from cold
 B - the ring "Wiunk" {rElec rF+ rC+ Str-5 Stlth+}
   (You found it in an ice cave)

   [ring of protection from fire]

   It affects your strength (-5).
   It protects you from fire.
   It protects you from cold.
   It insulates you from electricity.
   It makes you more stealthy.
 L - an uncursed ring of fire
 S - a ring of protection from fire (right hand)
Wands
 d - a wand of digging (10/24)
 C - a wand of lightning (12/15)
 D - a wand of lightning (3/15)
 E - a wand of polymorph (11/24)
 G - a wand of lightning (4/15)
 H - a wand of confusion (15/48)
 J - a wand of polymorph (20/24)
 M - a wand of iceblast (8/15)
 O - a wand of paralysis (6/24)
 P - a wand of digging (0/24)
 R - a wand of slowing (12/48)
 T - a wand of iceblast (4/15)
 U - a wand of iceblast (5/15)
 X - a wand of iceblast (10/15)
 Z - a wand of enslavement (12/24)
Scrolls
 e - a scroll of magic mapping
 f - 2 scrolls of teleportation
 i - 3 scrolls of enchant weapon
 n - 4 scrolls of enchant armour
 o - 3 scrolls of fog
 t - 8 scrolls of remove curse
 Q - 2 scrolls of recharging
 V - 2 scrolls of identify
Books
 s - a book of Spatial Translocations

   Spells                             Type                      Level
   a - Apportation                    Translocation                1
   b - Blink                          Translocation                2
   c - Shroud of Golubria             Charms/Translocation         2
   d - Portal Projectile              Translocation                3
   e - Teleport Other                 Translocation                3
   f - Passage of Golubria            Translocation                4
 v - a Necronomicon

   Spells                             Type                      Level
   a - Haunt                          Necromancy/Summoning         7
   b - Borgnjor's Revivification      Necromancy                   8
   c - Death's Door                   Charms/Necromancy            8
   d - Infestation                    Necromancy                   8
   e - Necromutation                  Transmutation/Necromancy     8
 w - a book of the Warp

   Spells                             Type                      Level
   a - Gell's Gravitas                Hexes/Translocation          3
   b - Force Lance                    Conjuration/Translocation    4
   c - Summon Forest                  Summoning/Translocation      5
   d - Dispersal                      Translocation                6
   e - Controlled Blink               Translocation                8
   f - Disjunction                    Translocation                8
 z - a book of the Earth

   Spells                             Type                      Level
   a - Leda's Liquefaction            Hexes/Earth                  4
   b - Bolt of Magma                  Conjuration/Fire/Earth       5
   c - Statue Form                    Transmutation/Earth          6
   d - Iron Shot                      Conjuration/Earth            6
   e - Shatter                        Earth                        9
 W - a manual of Necromancy


   Skills:
 - Level 10.0 Fighting
 - Level 14.0 Maces & Flails
 - Level 1.5 Throwing
 + Level 9.7 Armour
 + Level 9.7 Dodging
 - Level 5.0 Evocations


You had 10 spell levels left.
You knew the following spells:

 Your Spells              Type           Power        Failure   Level  Hunger
a - Apportation           Tloc           #.........   100%        1    N/A
b - Blink                 Tloc           N/A          100%        2    N/A

Dungeon Overview and Level Annotations

Branches:
Dungeon (10/15)            Temple (1/1) D:5            Lair (6/6) D:9
 Shoals (0/4) Lair:4        Snake (0/4) Lair:2          Orc (2/2) D:10
    Elf (0/3) Orc:2
  Slime: Lair:5-6

Altars:
Ashenzari
Cheibriados
Dithmenos
Elyvilon
Fedhas
Gozag
Hepliaklqana
Kikubaaqudgha
Makhleb
Nemelex Xobeh
Okawaru
Qazlal
Ru
Sif Muna
Trog
Uskayaw
Vehumet
Xom
Yredelemnul
Zin
The Shining One
Beogh

Shops:
D:5 %*   D:6 [   D:10 (:*?![   Orc:2 (=:!

Annotations:
Lair:6 exclusion: oklob plant Volcano exclusion: 5 statues


Innate Abilities, Weirdness & Mutations

You do not eat or drink.
Your flesh is vulnerable to fire.
You are immune to poison.
Your flesh is cold resistant. (rC+)
You are immune to negative energy. (rN+++)
You are immune to unholy pain and torment.
You can survive without breathing.
You are in touch with the powers of death.


Message History

The sun demon is lightly wounded.
The sun demon misses you.
You closely miss the sun demon.
The sun demon is moderately wounded.
The sun demon misses you.
You hit the sun demon but do no damage.
The sun demon is moderately wounded.
The sun demon hits you.
* * * LOW HITPOINT WARNING * * *
You are engulfed in flames!
You resist.
* * * LOW HITPOINT WARNING * * *
You hit the sun demon but do no damage.
The sun demon is moderately wounded.
You puncture the sun demon!
The sun demon is moderately wounded.
The sun demon hits you!!
* * * LOW HITPOINT WARNING * * *
You are engulfed in flames!
You resist.
You die...
Your body crumbles into a pile of gold.

####### ##)![..##
#∩[_$@3(# #%)![.$.#
#######.# #####
####....# ####....
#8§.##### ####.......
####.≈8#####8......≈§§
#≈≈.####.'........§≈≈§
####.§§#.###8.....≈≈≈≈
#8≈.####.# ##...§§§§≈§


You could see a sun demon.

Vanquished Creatures
  Gastronok (Lair:3)
  Josephine (Lair:4)
  The ghost of happinesssam the Devastator, a journeyman TeFE of Vehumet (IceCv)
  Fannar (Lair:3)
  5 hydras
  A catoblepas (Lair:6)
  3 ogre magi (Orc:2)
  Urug (Lair:3)
  A hill giant (D:10)
  A lindwurm (Lair:6)
  Pikel (D:4)
  An orc sorcerer (Orc:2)
  2 ugly things (IceCv)
  A salamander (Lair:6)
  2 sirens (Lair:4)
  7 elephants
  6 black mambas
  3 ice statues (IceCv)
  A water nymph (Lair:4)
  A torpor snail (Lair:4)
  A gargoyle (D:8)
  16 spiny frogs
  A rime drake (Lair:2)
  4 komodo dragons
  11 two-headed ogres
  A red devil (Volcano)
  3 polar bears (Lair:6)
  14 blink frogs
  Prince Ribbit (D:9)
  6 dream sheep (Lair:5)
  13 hippogriffs
  13 spriggans (Lair:6)
  A wyvern (Lair:4)
  4 wraiths (Lair:4)
  2 fire bats (Volcano)
  21 yaks
  3 basilisks
  Menkaure (D:4)
  A hell hound (Volcano)
  18 water moccasins
  10 porcupines
  Duvessa (D:4)
  A swamp drake (D:9)
  2 black bears
  9 ice beasts
  A sky beast (D:10)
  7 orc warriors
  5 wasps (Lair:6)
  A necrophage (D:8)
  18 ogres
  A boggart (Lair:6)
  3 centaurs
  32 wolves
  16 crocodiles
  A big kobold (D:8)
  11 bullfrogs
  A wyvern skeleton (D:10)
  3 scorpions
  Dowan (D:4)
  9 killer bees (D:10)
  7 wights
  2 howler monkeys
  5 crimson imps
  2 quasits
  9 lava snakes
  2 centaur zombies
  6 hounds
  6 orc priests
  15 orc wizards
  Crazy Yiuf (D:4)
  2 jellies
  2 bullfrog skeletons
  Jessica (D:3)
  12 iguanas
  7 worker ants
  Natasha (thrice) (D:2)
  A hound zombie (D:9)
  A hound skeleton (D:4)
  Robin (D:4)
  9 gnolls
  9 adders
  50 river rats
  5 shadow imps
  2 adder skeletons
  2 worms
  10 leopard geckos
  52 orcs
  15 goblins
  5 hobgoblins
  9 jackals
  11 kobolds
  5 quokkas
  9 bats
  6 frilled lizards
  A jackal skeleton (D:8)
  A leopard gecko skeleton (D:4)
  A quokka skeleton (D:5)
  A quokka zombie (D:7)
  11 rats
  A fire vortex (Lair:6)
609 creatures vanquished.

Vanquished Creatures (others)
  2 wolves (Lair:6)
  A leopard gecko (D:4)
  3 bushes (Lair:6)
  A fire vortex (Lair:6)
  13 fungi
  5 plants
25 creatures vanquished.

Grand Total: 634 creatures vanquished

Notes
Turn   | Place    | Note
-------+----------+-------------------------------------------
     0 | D:1      | Amnesiac the Mummy Gladiator began the quest for the Orb.
     0 | D:1      | Reached XP level 1. HP: 16/16 MP: 1/1
   330 | D:2      | Reached XP level 2. HP: 22/22 MP: 2/2
   346 | D:2      | Reached skill level 3 in Maces & Flails
   442 | D:3      | Found a faded altar of an unknown god.
   458 | D:3      | Noticed Jessica
   490 | D:3      | Killed Jessica
   490 | D:3      | Reached XP level 3. HP: 17/27 MP: 3/3
   622 | D:3      | Reached skill level 4 in Maces & Flails
   655 | D:3      | Reached XP level 4. HP: 29/33 MP: 4/4
   730 | D:4      | Noticed Menkaure
   736 | D:4      | HP: 1/33 [Menkaure (12)]
   740 | D:4      | Killed Menkaure
   740 | D:4      | Reached skill level 5 in Maces & Flails
   740 | D:4      | Reached XP level 5. HP: 2/38 MP: 5/5
   836 | D:4      | Noticed Robin
   850 | D:4      | Killed Robin
  1233 | D:4      | Reached XP level 6. HP: 39/44 MP: 6/6
  1385 | D:4      | Noticed Duvessa
  1386 | D:4      | Noticed Dowan
  1395 | D:4      | Killed Dowan
  1395 | D:4      | Reached skill level 6 in Maces & Flails
  1407 | D:4      | Killed Duvessa
  1686 | D:4      | Noticed a slave
  1687 | D:4      | Noticed Pikel
  1688 | D:4      | Noticed a slave
  1695 | D:4      | Reached XP level 7. HP: 48/50 MP: 7/7
  1721 | D:4      | Killed Pikel
  1721 | D:4      | Reached skill level 8 in Maces & Flails
  1888 | D:4      | Found a runed door.
  1919 | D:4      | Reached XP level 8. HP: 52/56 MP: 8/8
  1972 | D:4      | Noticed Crazy Yiuf
  1981 | D:4      | Killed Crazy Yiuf
  2052 | D:5      | Entered Level 5 of the Dungeon
  2052 | D:5      | Found a staircase to the Ecumenical Temple.
  2058 | Temple   | Entered the Ecumenical Temple
  2136 | Temple   | Became a worshipper of Gozag Ym Sagoz the Greedy
  2817 | D:2      | Noticed Natasha
  2820 | D:2      | Killed Natasha
  2947 | D:2      | Noticed Natasha
  2951 | D:2      | Killed Natasha
  3094 | D:2      | Noticed Natasha
  3097 | D:2      | Killed Natasha
  3262 | D:3      | Found a roughly hewn altar of Beogh.
  3462 | D:3      | Reached skill level 9 in Maces & Flails
  3765 | D:5      | Found Viereoq's Assorted Antiques.
  3792 | D:5      | Bought a scroll labeled GINOOS LIUPT for 25 gold pieces
  3792 | D:5      | Bought a scroll labeled GINOOS LIUPT for 25 gold pieces
  3792 | D:5      | Bought a scroll labeled GINOOS LIUPT for 25 gold pieces
  3792 | D:5      | Bought a scroll labeled GINOOS LIUPT for 25 gold pieces
  3792 | D:5      | Bought a scroll labeled PAEZXE PUFOOSOFE for 25 gold pieces
  3792 | D:5      | Bought a runed steel ring for 125 gold pieces
  4157 | D:5      | Found Jogoziff's Food Shop.
  4663 | D:6      | Found Obajuhaf's Antique Armour Shop.
  4672 | D:6      | Bought a pair of steaming boots for 180 gold pieces
  4672 | D:6      | Bought an ichor-stained chain mail for 180 gold pieces
  4682 | D:6      | Identified the +3 chain mail "Zybroa" {rF+ Int+3} (You bought it in a shop on level 6 of the Dungeon)
  4688 | D:6      | Identified the +2 pair of boots of the Foremost Beggars {MR+++ Str+2 Int-5} (You bought it in a shop on level 6 of the Dungeon)
  4849 | D:6      | Reached skill level 10 in Maces & Flails
  5366 | D:6      | Reached XP level 9. HP: 45/61 MP: 9/9
  5503 | D:7      | Learned a level 1 spell: Apportation
  5506 | D:7      | Learned a level 2 spell: Blink
  5807 | D:7      | Reached skill level 11 in Maces & Flails
  6094 | D:8      | Noticed a gargoyle
  6114 | D:8      | Killed a gargoyle
  6421 | D:8      | Reached skill level 12 in Maces & Flails
  6582 | D:8      | Reached XP level 10. HP: 66/67 MP: 10/10
  7073 | D:9      | Noticed Prince Ribbit
  7091 | D:9      | Killed Prince Ribbit
  7654 | D:9      | Found a staircase to the Lair.
  7867 | D:10     | Entered Level 10 of the Dungeon
  8341 | D:10     | Found a roughly hewn altar of Beogh.
  8341 | D:10     | Found a staircase to the Orcish Mines.
  8361 | D:10     | Reached skill level 13 in Maces & Flails
  8582 | D:10     | Noticed a hill giant
  8604 | D:10     | Killed a hill giant
  8872 | D:10     | Found Nigudell's Assorted Antiques.
  8880 | D:10     | Found Cusa's Magic Scroll Boutique.
  8895 | D:10     | Found Baoskann's Book Emporium.
  8922 | D:10     | Found Erpha Tor's Antique Weapon Boutique.
  8980 | D:10     | Found Duddet's Distillery.
  9346 | D:10     | Found a sparkling altar of Nemelex Xobeh.
  9680 | D:10     | Bought a +0 pair of gloves of strength for 149 gold pieces
  9753 | Lair:1   | Entered Level 1 of the Lair of Beasts
  9811 | Lair:1   | Reached XP level 11. HP: 19/72 MP: 11/11
 10250 | Lair:1   | Reached skill level 14 in Maces & Flails
 10262 | Lair:1   | Noticed an eight-headed hydra
 10285 | Lair:1   | Identified a scroll of acquirement
 10636 | D:9      | Killed an eight-headed hydra
 11339 | Lair:1   | Reached skill level 5 in Fighting
 12191 | Lair:2   | Noticed a four-headed hydra
 12218 | Lair:2   | Killed a four-headed hydra
 12769 | Lair:2   | Reached skill level 10 in Fighting
 12798 | Lair:2   | Noticed an eight-headed hydra
 12814 | Lair:2   | Killed an eight-headed hydra
 12814 | Lair:2   | Reached skill level 1 in Evocations
 12814 | Lair:2   | Reached XP level 12. HP: 69/97 MP: 11/13
 12925 | Lair:2   | Found a staircase to the Snake Pit.
 13470 | Lair:3   | Noticed Urug
 14206 | Lair:3   | Killed Urug
 14452 | Lair:3   | Reached skill level 5 in Evocations
 14879 | Lair:3   | Noticed Gastronok
 15119 | Lair:3   | Noticed Fannar
 15164 | Lair:3   | Killed Fannar
 15164 | Lair:3   | Reached skill level 5 in Dodging
 15589 | Lair:3   | Killed Gastronok
 15756 | Lair:4   | Noticed a six-headed hydra
 15815 | Lair:3   | Killed a six-headed hydra
 16206 | Lair:4   | Noticed Josephine
 16219 | Lair:4   | Reached skill level 1 in Armour
 16241 | Lair:4   | Killed Josephine
 16273 | Lair:4   | Gained mutation: You are in touch with the powers of death. [Mummy growth]
 16273 | Lair:4   | Reached XP level 13. HP: 25/103 MP: 16/16
 17545 | Lair:4   | Found a staircase to the Shoals.
 17742 | Lair:5   | Reached skill level 5 in Armour
 18517 | Lair:6   | Entered Level 6 of the Lair of Beasts
 19581 | Lair:6   | Noticed an acid blob
 19589 | Lair:6   | HP: 1/103 [acid (13)]
 20745 | Lair:6   | Reached XP level 14. HP: 69/110 MP: 17/17
 21766 | Orc:1    | Entered Level 1 of the Orcish Mines
 21827 | Orc:1    | Found a frozen archway.
 21942 | IceCv    | Entered an ice cave
 22098 | IceCv    | Noticed happinesssam's ghost (journeyman TeFE)
 22535 | IceCv    | Killed happinesssam's ghost
 22793 | IceCv    | Got a translucent pewter ring
 22794 | IceCv    | Identified the ring "Wiunk" {rElec rF+ rC+ Str-5 Stlth+} (You found it in an ice cave)
 22858 | Orc:2    | Entered Level 2 of the Orcish Mines
 22868 | Orc:2    | Found a staircase to the Elven Halls.
 23183 | Orc:2    | Found Xoelar's Distillery.
 23183 | Orc:2    | Found Ylail's Jewellery Shoppe.
 23183 | Orc:2    | Found Tiuddent's Book Shoppe.
 23183 | Orc:2    | Found Uvuwecuh's Weapon Shop.
 23530 | Orc:2    | HP: 4/110 [ogre mage/bolt of lightning (33)]
 23532 | Orc:2    | Found a dark tunnel.
 23535 | Orc:2    | HP: 4/110 [gnoll/spear (1)]
 23536 | Volcano  | Entered a volcano
 24127 | Volcano  | Found a burning altar of Makhleb.
 24150 | Volcano  | HP: 1/110 [sun demon (18)]
 24150 | Volcano  | Mangled by a sun demon

Vault maps used:
D:1:      dpeg_arrival_concentric_ovals, minmay_parallelograms
D:2:      uniq_natasha
D:3:      first_bread, ecumenical_altar_2, kennysheep_orc_chapel, uniq_jessica
D:4:      uniq_robin, uniq_menkaure, uniq_pikel, uniq_crazy_yiuf_cottage,
          uniq_duvessa
D:5:      serial_shops, shop, nicolae_shop_behind_doors
D:6:      serial_shops, nicolae_shop_crystal
D:8:      minmay_diamond_stairs, grunt_ogre_cave
D:9:      erik_lair_dragon, uniq_prince_ribbit1
D:10:     david_orc_5, serial_shops, shop, nicolae_shop_stone, shop,
          kennysheep_mini_moat, shop, nemelex_xobeh_ov_fountains_minmay
Temple:   minmay_crystal_snake_temple
Lair:1:   serial_bayou_shore_a
Lair:2:   guppyfry_snake_entry_garden, grunt_megastairs_5, serial_bayou_shore_b
Lair:3:   infiniplex_staircase_pool, lemuel_fruit_fields, grunt_megastairs_4,
          uniq_fannar, uniq_urug, uniq_gastronok
Lair:4:   elwin_shoals_entry_rooms, uniq_josephine
Lair:6:   minmay_lair_end_enchanted_forest, dpeg_slime_entry_enclosed_altar,
          serial_bayou_pond_d, minmay_lair_oklob_bushes, grunt_megastairs_3,
          lemuel_fruit_fields
Orc:1:    lemuel_ogre_cave, portal_ice_cave_entry_pillars_1
Orc:2:    st_orc_ogre_mass, nicolae_volcano_entry_lava_flow
IceCv:    ice_cave_statue_garden_chambered
Volcano:  volcano_grotto

Skill      XL: |  1  2  3  4  5  6  7  8  9 10 11 12 13 14 |
---------------+-------------------------------------------+-----
Maces & Flails | 3 4 5 6 8 10 12 13 14 | 14.0
Fighting       | 10 | 10.0
Evocations     | 1 5 |  5.0
Dodging        | 7 8 9 |  9.7
Armour         | 2 8 9 |  9.7
Throwing       | |  1.5

Action                   |  1- 3 |  4- 6 |  7- 9 | 10-12 | 13-15 || total
-------------------------+-------+-------+-------+-------+-------++-------
Melee: Mace              |    97 |   102 |   522 |  1135 |    22 ||  1878
       Short sword       |     9 |       |       |       |       ||     9
       Flail             |     1 |       |       |       |       ||     1
       Morningstar       |       |       |    32 |    79 |     8 ||   119
       Great mace        |       |       |       |    34 |       ||    34
       Dire flail        |       |       |       |       |  1260 ||  1260
Throw: Throwing net      |       |     4 |       |       |       ||     4
Invok: Call Merchant     |       |       |       |     1 |       ||     1
       Potion Petition   |       |       |       |       |     1 ||     1
Evoke: Wand              |       |       |     2 |    10 |    17 ||    29
  Use: Scroll            |       |       |    11 |     9 |    13 ||    33
 Stab: Held in net/web   |       |     2 |       |       |       ||     2
       Invisible         |       |       |     2 |       |       ||     2
       Distracted        |       |       |     1 |     4 |     5 ||    10
       Confused          |       |       |       |     1 |       ||     1
       Petrified         |       |       |       |       |     8 ||     8
       Paralysed         |       |       |       |       |     3 ||     3
       Fleeing           |       |       |       |       |     1 ||     1
Armor: Plate armour      |    88 |    55 |   174 |       |       ||   317
       Chain mail        |       |       |   118 |   538 |   408 ||  1064
Dodge: Dodged            |    35 |    36 |   278 |   827 |   832 ||  2008
